Match 45154640
Unlisted

Match 45154640
End
Vickers Machine Gun Team
Construct Section Command Post
Infantry Section
Infantry Section
Infantry Section
Grenade Package
ML 3-inch Mortar Team
Construct Platoon Command Post
Humber Armored Car
Humber Armored Car
Selects Indian Artillery Battlegroup
Selects War Cry
Selects Gurkha Rifles Section
Gurkha Rifles Section
Royal Engineer Section
War Cry
Gurkha Rifles Section
Construct Company Command Post
Selects Volunteer Infantry
Royal Engineer Section
Unlock M3 Grant Medium Tanks
Infantry Training
Foot Guards Section
Selects Artillery Saturation
Selects Off-map Airburst Barrage
Selects BL5.5 Artillery Emplacement
Selects BL5.5 Artillery Emplacement
Royal Engineer Section
Gurkha Rifles Section
M3 Grant Medium Tank
CMP 15cwt Truck
M3 Grant Medium Tank
War Cry
RitraXP
White_Tiger
WHITE_Sh4DOWS
tittaner
Weaponized [Autism]
Voracious Python
Novaa
DxT
0
0

Comments sign in to comment!

No comments posted yet!